 Dungeon Crawl Stone Soup version 0.19-a0-517-gd6a9987 (webtiles) character file.

109 Skanax the Magician (level 4, 0/26 HPs)
             Began as a Deep Elf Wizard on June 6, 2016.
             Slain by an orc
             ... wielding a +0 dagger
              (2 damage)
             ... on level 3 of the Dungeon.
             The game lasted 00:16:45 (2239 turns).

Skanax the Magician (Deep Elf Wizard)               Turns: 2239, Time: 00:16:47

Health: 0/26       AC:  5    Str:  4      XL:     4   Next: 60%
Magic:  1/21       EV: 13    Int: 24      God:
Gold:   147        SH:  2    Dex: 12 (13) Spells: 5 memorised, 2 levels left

rFire  + . .     SeeInvis .     g - +1 short sword (drain)
rCold  . . .     Gourm    .     a - +0 robe
rNeg   . . .     Faith    .     (no shield)
rPois  .         Spirit   .     b - +0 hat
rElec  .         Dismiss  .     (no cloak)
rCorr  .         Reflect  +     (no gloves)
SustAt .         Harm     .     m - +2 pair of boots
MR     .....                    i - +2 amulet of reflection
Stlth  ++........               j - ring of flight
                                e - ring of magical power

@: very slightly contaminated, not resistant to hostile enchantments, unstealthy
A: fire resistance 1, low mp 1, robust 1
a: Evoke Flight


You were on level 3 of the Dungeon.
You were not hungry.

You visited 1 branch of the dungeon, and saw 3 of its levels.

You collected 147 gold pieces.

Inventory:

Hand Weapons
 g - a +1 short sword of draining (weapon)
Armour
 a - a +0 robe (worn)
 b - a +0 hat (worn)
 m - a +2 pair of boots (worn)
Jewellery
 e - a ring of magical power (left hand)
 i - a +2 amulet of reflection (around neck)
 j - a ring of flight (right hand)
Scrolls
 n - 2 scrolls of remove curse
 o - a scroll of enchant weapon
 q - a scroll of recharging
Books
 c - a book of Minor Magic

   Spells                             Type                      Level
   a - Magic Dart                     Conjuration                  1
   b - Blink                          Translocation                2
   c - Call Imp                       Summoning                    2
   d - Repel Missiles                 Charms/Air                   2
   e - Slow                           Hexes                        2
   f - Conjure Flame                  Conjuration/Fire             3
   g - Mephitic Cloud                 Conjuration/Poison/Air       3
Comestibles
 d - 3 bread rations
 f - 3 chunks of flesh
 h - a meat ration
 k - 3 beef jerkies
 l - 3 fruits


   Skills:
 - Level 2.8 Dodging
 - Level 2.4 Stealth
 + Level 5.4 Spellcasting
 * Level 2.2 Conjurations
 + Level 2.1 Summonings
 + Level 2.1 Translocations
 + Level 0.7 Fire Magic
 + Level 0.6 Air Magic
 + Level 0.0 Poison Magic


You had 2 spell levels left.
You knew the following spells:

 Your Spells              Type           Power        Failure   Level  Hunger
a - Magic Dart            Conj           ###.         3%          1    None
b - Call Imp              Summ           ###.....     6%          2    None
c - Blink                 Tloc           N/A          6%          2    None
d - Conjure Flame         Conj/Fire      ##......     17%         3    #......
e - Mephitic Cloud        Conj/Pois/Air  ##......     21%         3    #......


Dungeon Overview and Level Annotations

Branches:
Dungeon (3/15)

Altars:
Ashenzari
Nemelex Xobeh
Okawaru
Trog


Innate Abilities, Weirdness & Mutations

Your flesh is heat resistant. (rF+)
Your magical capacity is low. (-10% MP)
You are robust. (+10% HP)


Message History

* * * LOW HITPOINT WARNING * * *
The orc barely misses you. The jackal misses you.
You hit the orc.
The orc is lightly wounded.
The hobgoblin closely misses you. The orc misses you. The jackal bites you.
* * * LOW HITPOINT WARNING * * *
The orc hits you but does no damage.
You closely miss the orc.
The orc is lightly wounded.
The jackal misses you. The hobgoblin barely misses you.
The orc closely misses you.
The orc wizard miscasts a cantrip.
You block the orc's attack. You block the jackal's attack.
You hit the orc but do no damage. You drain the orc!
The orc is heavily wounded.
The orc wizard points at you and mumbles some strange words.
The puff of flame hits you! You resist.
* * * LOW HITPOINT WARNING * * *
The orc hits you with a dagger.
You die...

############
#ho........#
#ooo.......#
#@ga.......#
#oho.......#
...5.........#
...#w.........#
................#
.......%........##
.....#...........#..
.....#.........)....
.>.###..##....#.#


You could see a worker ant, an orc wizard, a quasit, a dart slug, 5 orcs, 2
jackals and a hobgoblin.

Vanquished Creatures
  4 adders
  3 giant geckos
  A ball python (D:2)
  6 bats
  5 giant cockroaches
  5 hobgoblins
  4 jackals
  2 quokkas (D:2)
  2 giant newts (D:1)
  12 goblins
  10 kobolds
  8 rats
62 creatures vanquished.

Vanquished Creatures (collateral kills)
  A dart slug (D:1)
  A kobold (D:1)
2 creatures vanquished.

Grand Total: 64 creatures vanquished

Notes
Turn   | Place    | Note
--------------------------------------------------------------
     0 | D:1      | Skanax the Deep Elf Wizard began the quest for the Orb.
     0 | D:1      | Reached XP level 1. HP: 10/10 MP: 7/7
   134 | D:1      | Reached XP level 2. HP: 15/15 MP: 3/9
   267 | D:1      | Learned a level 2 spell: Call Imp
   271 | D:1      | Learned a level 2 spell: Blink
   321 | D:1      | Reached skill level 5 in Spellcasting
   526 | D:1      | Reached XP level 3. HP: 19/19 MP: 11/11
   597 | D:1      | Gained mutation: You are agile. (Dex +2) [potion of mutation]
   597 | D:1      | Gained mutation: Your magical capacity is low. (-10% MP) [potion of mutation]
   597 | D:1      | Lost mutation: You are agile. (Dex +2) [potion of mutation]
   616 | D:1      | Learned a level 3 spell: Conjure Flame
   717 | D:1      | Gained mutation: Your flesh is heat resistant. (rF+) [potion of beneficial mutation]
   784 | D:1      | Gained mutation: You are robust. (+10% HP) [potion of beneficial mutation]
   973 | D:2      | Learned a level 3 spell: Mephitic Cloud
  1128 | D:2      | Found a bloodstained altar of Trog.
  1129 | D:2      | Found an iron altar of Okawaru.
  1275 | D:2      | Found a sparkling altar of Nemelex Xobeh.
  1569 | D:2      | Found a shattered altar of Ashenzari.
  1774 | D:2      | Reached XP level 4. HP: 26/26 MP: 9/12
  2239 | D:3      | Slain by an orc

Vault maps used:
D:1:      tarquinn_simple_flora_water_e, st_stairs_10, roderic_lattice_a,
          minmay_unequal
D:2:      grunt_temple_overflow_open, nemelex_xobeh_ov_fountains_minmay,
          nicolae_ashenzari_panopticon, first_bread
D:3:      nicolae_qazlal_general_emergency

Skill      XL: |  1  2  3 |
---------------+----------+-----
Spellcasting   | 5 |  5.4
Summonings     | 2 |  2.1
Conjurations   | 2 |  2.2
Translocations | 2 |  2.1
Dodging        | |  2.8
Stealth        | |  2.4
Fire Magic     | |  0.7
Air Magic      | |  0.6

Action                   |  1- 3 |  4- 6 || total
-------------------------+-------+-------++-------
Melee: Short sword       |     1 |     6 ||     7
 Cast: Magic Dart        |   115 |    35 ||   150
       Call Imp          |     2 |       ||     2
       Conjure Flame     |     4 |     2 ||     6
       Blink             |       |     5 ||     5
       Mephitic Cloud    |       |     4 ||     4
  Use: Scroll            |    10 |       ||    10
       Potion            |     9 |     1 ||    10
  Eat: Chunk             |     3 |     2 ||     5
Armor: Robe              |     7 |    10 ||    17
Dodge: Dodged            |    17 |    37 ||    54
Block: Other             |     1 |     5 ||     6
